 Dungeon Crawl Stone Soup version 0.31-a0-232-gb1c03b2570 (webtiles) character file.

Game seed: 18408421516597602251

255 qw the Shooter (level 5, 0/45 HPs)
             Began as a Minotaur Hexslinger on July 7, 2023.
             Slain by an orc
             ... wielding a +0 hand axe of flaming
              (5 damage)
             ... on level 4 of the Dungeon.
             The game lasted 00:00:58 (2809 turns).

qw the Shooter (Minotaur Hexslinger)                Turns: 2809, Time: 00:00:58

Health: 0/45       AC:  5    Str: 13    XL:     5   Next: 91%
Magic:  5/5        EV: 11    Int: 10    God:
Gold:   130        SH:  0    Dex: 14    Spells: 5/6 levels left

rFire   . . .        Y - +6 sling
rCold   . . .        (no shield)
rNeg    . . .        k - +0 ring mail
rPois   .            (helmet restricted)
rElec   .            (no cloak)
rCorr   .            (no gloves)
SInv    .            (no boots)
Will    .....        (no amulet)
Stlth   +            (no ring)
HPRegen 0.27/turn    (no ring)
MPRegen 0.09/turn

%: no passive effects
@: no status effects
A: horns 2, retaliatory headbutt
a: no special abilities


You were on level 4 of the Dungeon.
You visited 1 branch of the dungeon, and saw 4 of its levels.

You collected 130 gold pieces.


Innate Abilities, Weirdness & Mutations

You have a pair of horns on your head.
You reflexively headbutt those who attack you in melee.


   Skills:
 + Level 3.4 Fighting
 - Level 6.0 Ranged Weapons
 - Level 1.0 Armour
 - Level 2.1 Dodging
 - Level 1.0 Spellcasting
 - Level 2.0 Hexes


You had 5 spell levels left.
You knew the following spells:

 Your Spells              Type           Power      Damage    Failure   Level
a - Slow                  Hex            16%        N/A       32%         1

Your spell library contained the following spells:

 Spells                   Type           Power      Damage    Failure   Level
 Inner Flame              Hex/Fire       2%         N/A       82%         3
 Portal Projectile        Hex/Tloc       4%         N/A       82%         3
 Cause Fear               Hex            2%         N/A       97%         4

Inventory:

Hand Weapons
 Y - a +6 sling (weapon)
Armour
 k - a +0 ring mail (worn)
Scrolls
 a - a scroll of summoning {unknown}
 c - a scroll of silence {unknown}
 e - a scroll of enchant armour {unknown}
 h - a scroll of identify
Potions
 b - a potion of curing
 d - a potion of enlightenment

Dungeon Overview and Level Annotations

Branches:
Dungeon (4/15)             Temple (0/1) D:4

Altars:
Cheibriados
Wu Jian


Message History

An orc comes into view.
It is wielding a +0 hand axe of flaming.
The orc shouts!
You shoot a sling bullet.
The sling bullet hits the orc priest but does no damage.
You shoot a sling bullet.
The sling bullet barely misses the orc priest.
The sling bullet hits the orc priest.
The orc priest is heavily wounded.
The orc priest mumbles some strange prayers to Beogh against you.
Beogh smites you!
A hobgoblin comes into view.
You shoot a sling bullet.
The sling bullet barely misses the orc priest.
The sling bullet hits the orc priest but does no damage.
The orc priest is heavily wounded.
The orc priest hits you with a +0 flail.
You shoot a sling bullet. The sling bullet hits the orc priest!
The orc priest is severely wounded.
You hear a shout!
The orc priest calls down the wrath of Beogh upon you.
Pain shoots through your body!
An orc comes into view. It is wielding a +0 club.
You shoot a sling bullet. The sling bullet hits the orc priest.
The orc priest is severely wounded.
The orc priest mumbles some strange prayers to Beogh against you.
Pain shoots through your body! The orc priest hits you with a +0 mace.
You shoot a sling bullet. The sling bullet hits the orc priest.
The orc priest is almost dead.
The orc priest calls upon Beogh to heal the orc priest.
The orc priest's wounds heal themselves!
You shoot a sling bullet.
The sling bullet hits the orc priest but does no damage.
The orc priest is almost dead.
The orc priest closely misses you. You furiously retaliate!
You headbutt the orc priest!
You kill the orc priest!
The orc priest closely misses you. You furiously retaliate!
You headbutt the orc priest!
The orc hits you with a +0 hand axe of flaming.
You die...

######## ###
##....... ..######
#.......# #......#
#.......#####..# #.#
#..........##..###.#
#........#.......<.##
#..........#.........
#...............##.##
#..o@)..######.....#
####o#### #.#####
#go# #.# #.#.# #+#
#.###) ## # ## +.


You could see an orc priest, 2 orcs and a hobgoblin.

Vanquished Creatures
  An ogre (D:4)
  An orc priest (D:4)
  A hound (D:3)
  An iron imp (D:3)
  4 adders
  6 worms
  2 dart slugs
  An orc (D:4)
  5 endoplasms
  5 giant cockroaches
  5 goblins
  7 hobgoblins
  2 jackals (D:2)
  5 kobolds
  A quokka (D:3)
  5 ball pythons
  5 bats
  3 rats
60 creatures vanquished.

Notes
Turn   | Place    | Note
-------+----------+-------------------------------------------
     0 | D:1      | qw the Minotaur Hexslinger began the quest for the Orb.
     0 | D:1      | Reached XP level 1. HP: 16/16 MP: 1/1
     0 | D:1      | 0 ||| qw: Version: 0.3-a-46-gb1f654a
     0 | D:1      | 0 ||| qw: Game counter: 2729
     0 | D:1      | 0 ||| qw: Melee chars always use a shield: true
     0 | D:1      | 0 ||| qw: God list: Okawaru
     0 | D:1      | 0 ||| qw: Allow faded altars: false
     0 | D:1      | 0 ||| qw: Do Orc after clearing Dungeon:15 true
     0 | D:1      | 0 ||| qw: Do second Lair branch before Depths: true
     0 | D:1      | 0 ||| qw: Lair rune preference: random
     0 | D:1      | 0 ||| qw: Goals: Normal
     0 | D:1      | 0 ||| PLANNING D:1-11
   141 | D:1      | Reached skill level 3 in Ranged Weapons
   231 | D:1      | Reached XP level 2. HP: 23/23 MP: 2/2
   615 | D:1      | 615 ||| UPGRADING to +0 leather armour.
   625 | D:1      | 625 ||| DROPPING +0 robe.
   626 | D:1      | 626 ||| UPGRADING to +0 ring mail.
   636 | D:1      | 636 ||| DROPPING +0 leather armour.
   637 | D:1      | 637 ||| READING 2 scrolls labelled NELIXUIME.
   638 | D:1      | 638 ||| READING scroll labelled BEF RO RUEBB.
   639 | D:1      | 639 ||| READING 2 scrolls labelled VEHUYTW KARRO.
   640 | D:1      | 640 ||| READING scroll labelled DOGEFA YLO NIU.
   645 | D:1      | 645 ||| DRINKING 2 cyan potions.
   646 | D:1      | 646 ||| DRINKING 2 golden potions.
   674 | D:1      | 674 ||| DROPPING scroll of immolation.
   675 | D:1      | 675 ||| DROPPING scroll of poison.
   676 | D:1      | 676 ||| DROPPING potion of lignification.
   743 | D:2      | 743 ||| READING scroll of enchant weapon.
   743 | D:2      | 743 ||| ENCHANTING +2 sling.
   887 | D:2      | Found a faded altar of an unknown god.
   889 | D:2      | Reached XP level 3. HP: 29/29 MP: 3/3
  1057 | D:2      | Reached skill level 4 in Ranged Weapons
  1086 | D:2      | Reached skill level 1 in Armour
  1192 | D:2      | Found an ornate altar of the Wu Jian Council.
  1590 | D:2      | 1590 ||| READING scroll labelled OQUATO ROMP.
  1625 | D:3      | Reached XP level 4. HP: 36/36 MP: 4/4
  1753 | D:3      | Found a snail-covered altar of Cheibriados.
  1755 | D:3      | 1755 ||| READING scroll labelled YCLYSU MAEN.
  1766 | D:3      | Reached skill level 5 in Ranged Weapons
  2088 | D:3      | 2088 ||| DRINKING 2 fuming inky potions.
  2089 | D:3      | 2089 ||| READING 2 scrolls of identify.
  2089 | D:3      | 2089 ||| IDENTIFYING emerald potion
  2090 | D:3      | 2090 ||| DROPPING potion of brilliance.
  2124 | D:4      | 2124 ||| STAIRDANCE
  2134 | D:3      | Reached skill level 3 in Fighting
  2134 | D:3      | Reached XP level 5. HP: 37/45 MP: 5/5
  2241 | D:4      | Noticed an ogre
  2249 | D:4      | Killed an ogre
  2250 | D:4      | Reached skill level 6 in Ranged Weapons
  2341 | D:4      | 2341 ||| READING 3 scrolls of enchant weapon.
  2341 | D:4      | 2341 ||| ENCHANTING +3 sling.
  2342 | D:4      | 2342 ||| READING 2 scrolls of enchant weapon.
  2342 | D:4      | 2342 ||| ENCHANTING +4 sling.
  2343 | D:4      | 2343 ||| READING scroll of enchant weapon.
  2343 | D:4      | 2343 ||| ENCHANTING +5 sling.
  2598 | D:4      | Found a staircase to the Ecumenical Temple.
  2599 | D:4      | 2599 ||| PLANNING TEMPLE
  2807 | D:4      | HP: 7/45 [orc priest/nerve-wracking pain (8)]
  2809 | D:4      | Slain by an orc

Levels and vault maps discovered:
D:1:      mrwooster_arrival_statue_2, layout_loops_ring, minivault_24
D:2:      layout_basic, basic_altar, hellmonk_ecumenical_altar_dog_temple,
          grunt_decor_junction
D:3:      layout_rooms, slow_altar_1
D:4:      layout_loops_corners, minmay_temple_entry_from_below_a,
          minmay_misc_feat_more_columns

Skill      XL: |  1  2  3  4  5 |
---------------+----------------+-----
Ranged Weapons | 3 4 5 6 |  6.0
Fighting       | 2 3 |  3.4
Armour         | 1 |  1.0
Dodging        | |  2.1
Spellcasting   | |  1.0
Hexes          | |  2.0

Action                     |  1- 3 |  4- 6 || total
---------------------------+-------+-------++-------
   Fire: Sling             |    98 |   100 ||   198
    Use: Scroll            |     6 |     5 ||    11
         Potion            |     2 |     1 ||     3
 Armour: Robe              |     2 |       ||     2
         Ring mail         |     7 |     7 ||    14
  Dodge: Dodged            |    20 |    26 ||    46

Table legend:
 A = Non-vault XP
 B = Vault XP
 C = Vault XP percentage of total XP
 D = Non-vault monster count
 E = Vault monster count
 F = Vault count percentage of total count
                 A         B        C        D         E       F
            +---------+---------+-------+---------+---------+-------
      Total |     363 |      43 |  10.6 |      57 |       3 |   5.0
            +---------+---------+-------+---------+---------+-------
        D:1 |      23 |       0 |   0.0 |      16 |       0 |   0.0
        D:2 |      68 |       4 |   5.6 |      17 |       2 |  10.5
        D:3 |      81 |      39 |  32.5 |      13 |       1 |   7.1
        D:4 |     191 |       0 |   0.0 |      11 |       0 |   0.0
            +---------+---------+-------+---------+---------+-------
